 Dungeon Crawl Stone Soup version 0.17-a0-2073-gde5cdba (webtiles) character file.

8098 Gruud the Martial Artist (level 11, 0/77 HPs)
             Began as a Demonspawn Transmuter on Oct 14, 2015.
             Was a Priest of Makhleb.
             Succumbed to Sonja's poison
             ... while paralysed by you
             ... on level 10 of the Dungeon.
             The game lasted 00:41:52 (11635 turns).

Gruud the Martial Artist (Demonspawn Transmuter)   Turns: 11635, Time: 00:41:52

Health: 0/77       AC: 17    Str: 11    XL:     11   Next: 5%
Magic:  14/14      EV:  2    Int: 15    God:    Makhleb [***...]
Gold:   579        SH:  0    Dex: 20    Spells: 4 memorised, 3 levels left

rFire  . . .     SeeInvis .       - Unarmed
rCold  . . .     Clarity  .     k - +0 mottled dragon armour
rNeg   . . .     SustAt   .     (no shield)
rPois  .         Gourm    .     (helmet restricted)
rElec  .         Spirit   .     i - +1 cloak
rCorr  .         Warding  .     s - +0 pair of gloves
rMut   .         Stasis   .     (no boots)
MR     .....                    (no amulet)
Stlth  ++........               l - +5 ring of protection
                                (no ring)

@: paralysed, lethally poisoned (0 -> -7), not resistant to hostile
enchantments, unstealthy
A: antennae 2, thin skeletal structure 2, powered by pain 2, robust 1, shaggy
fur 1, rot immunity
a: Minor Destruction, Lesser Servant of Makhleb, Renounce Religion


You were on level 10 of the Dungeon.
You worshipped Makhleb.
Makhleb was most pleased with you.
You were not hungry.

You visited 2 branches of the dungeon, and saw 11 of its levels.

You collected 579 gold pieces.

Inventory:

Hand Weapons
 C - a +0 blowgun
Missiles
 a - 182 arrows
 q - 10 arrows of dispersal
 t - 35 arrows of flame
 B - 4 poisoned needles
Armour
 i - a +1 cloak (worn)
 k - a +0 mottled dragon armour (worn)
 s - a +0 pair of gloves (worn)
Jewellery
 l - a +5 ring of protection (right hand)
 F - an uncursed amulet of faith
Wands
 m - a wand of draining (1)
 n - a wand of confusion (15)
 v - a wand of random effects (13)
 A - a wand of frost (15)
 H - a wand of slowing (9)
Scrolls
 b - 3 scrolls of enchant weapon
 f - a scroll of amnesia
 p - 3 scrolls of magic mapping
 u - a scroll of fear
 w - 4 scrolls of remove curse
 y - 4 scrolls of teleportation
 z - a scroll of identify
 G - a scroll of fog {unknown}
 I - a scroll of recharging
Potions
 e - a potion of magic
 o - a potion of might
Books
 c - a book of Changes

   Spells                             Type                      Level
   a - Beastly Appendage              Transmutation                1
   b - Sticks to Snakes               Transmutation                2
   c - Spider Form                    Transmutation/Poison         3
   d - Ice Form                       Ice/Transmutation            4
   e - Blade Hands                    Transmutation                5
 g - a book of the Sky

   Spells                             Type                      Level
   a - Summon Lightning Spire         Summoning/Air                4
   b - Airstrike                      Air                          4
   c - Silence                        Hexes/Air                    5
   d - Deflect Missiles               Charms/Air                   6
   e - Conjure Ball Lightning         Conjuration/Air              6
   f - Tornado                        Air                          9
 E - a book of Enchantments

   Spells                             Type                      Level
   a - Cause Fear                     Hexes                        4
   b - Silence                        Hexes/Air                    5
   c - Deflect Missiles               Charms/Air                   6
   d - Haste                          Charms                       6
   e - Discord                        Hexes                        8
Comestibles
 d - 7 bread rations
 h - 4 chunks of flesh
 r - 4 meat rations
 J - 3 fruits
 K - a royal jelly


   Skills:
 - Level 1.0 Fighting
 * Level 7.3 Armour
 * Level 7.3 Dodging
 * Level 9.6 Unarmed Combat
 - Level 2.0 Spellcasting
 + Level 7.9 Transmutations


You had 3 spell levels left.
You knew the following spells:

 Your Spells              Type           Power        Failure   Level  Hunger
a - Beastly Appendage     Trmt           ####..       1%          1    #......
b - Sticks to Snakes      Trmt           ####......   1%          2    ###....
c - Spider Form           Trmt/Pois      ##........   24%         3    ###....
d - Blade Hands           Trmt           ####......   38%         5    ######.


Dungeon Overview and Level Annotations

Branches:
Dungeon (10/15)            Temple (1/1) D:5            Lair (0/8) D:10
    Orc: D:9-12

Altars:
Ashenzari
Cheibriados
Dithmenos
Elyvilon
Fedhas
Gozag
Kikubaaqudgha
Makhleb
Nemelex Xobeh
Okawaru
Qazlal
Ru
Sif Muna
Trog
Vehumet
Xom
Yredelemnul
Zin
The Shining One

Annotations:
D:5 1 exclusion
D:8 Erolcha


Innate Abilities, Weirdness & Mutations

You have a pair of antennae on your head.
You have a moderately thin skeletal structure (Dex +4, Stealth+).
You sometimes gain power by taking damage.
You are immune to rotting.
You are robust (+10% HP).
You are covered in fur (AC +1).


Message History

You feel sick.
Evoke which item? (* to show all) (? for menu, Esc to quit)
Zapping:
v - a wand of random effects {zapped: 3} (will waste charges)
Press: ? - help, Shift-Dir - straight line, f - you Really target yourself?
You suddenly lose the ability to move!
Evoking this partially-identified wand wasted a few charges.
* * * LOW HITPOINT WARNING * * *
You feel sick.
You feel less woody.
Your +1 cloak unmelds from your body.
Your +0 pair of gloves unmelds from your body.
Your +0 mottled dragon armour unmelds from your body.
* * * LOW HITPOINT WARNING * * *
You feel sick.
* * * LOW HITPOINT WARNING * * *
You feel sick.
* * * LOW HITPOINT WARNING * * *
You feel sick.
You die...

ยง .## (.# #.# #. #.#
#####... #(# ......#
#(# ...#### #)#
.....# #@# ####.##
#.# ..# #.## #.##
#..# ####..# ##.#
#.....### ###.###
##.......#### #.....#
......##....###.....#
##....#####..##.....#


There were no monsters in sight!

Vanquished Creatures
  Sonja (D:10)
  The ghost of Skaffen the Insei, an amateur DsMo (D:4)
  6 slime creatures (D:10)
  A wraith (D:9)
  A spriggan (D:7)
  A deep elf mage (D:9)
  A hungry ghost (D:8)
  Edmund (D:6)
  5 ice beasts
  2 black bears
  An orc warrior (D:7)
  2 sky beasts
  5 ogres
  2 phantoms
  4 centaurs
  A big kobold (D:7)
  8 giant frogs
  A wyvern skeleton (D:10)
  3 scorpions
  3 killer bees (D:10)
  10 wights (D:8)
  5 crimson imps
  A centaur zombie (D:5)
  A jelly (D:8)
  8 orc priests
  14 two-headed ogre zombies (D:9)
  A giant frog skeleton (D:5)
  10 orc wizards
  4 iguanas
  2 centaur skeletons
  6 hounds
  Terence (D:2)
  11 worker ants
  A hound skeleton (D:9)
  A worker ant zombie (D:5)
  10 adders
  3 gnolls (D:6)
  A shadow imp (D:5)
  2 oozes (D:2)
  An adder skeleton (D:5)
  4 worms
  5 giant geckos
  39 orcs
  A ball python (D:1)
  4 giant cockroaches
  2 hobgoblins (D:4)
  6 jackals
  16 kobolds
  A quokka (D:3)
  7 bats
  5 giant newts
  12 goblins
  A jackal skeleton (D:6)
  6 rats
252 creatures vanquished.

Vanquished Creatures (collateral kills)
  Crazy Yiuf (D:3)
  A worm (D:2)
2 creatures vanquished.

Vanquished Creatures (others)
  An ogre mage (D:9)
1 creature vanquished.

Grand Total: 255 creatures vanquished

Notes
Turn   | Place    | Note
--------------------------------------------------------------
     0 | D:1      | Gruud the Demonspawn Transmuter began the quest for the Orb.
     0 | D:1      | Reached XP level 1. HP: 15/15 MP: 3/3
   531 | D:1      | Found a shimmering altar of Xom.
   548 | D:1      | Reached skill level 3 in Unarmed Combat
   736 | D:1      | Gained mutation: You sometimes gain a little power by taking damage. [demonic ancestry]
   736 | D:1      | Reached XP level 2. HP: 21/21 MP: 5/5
   740 | D:1      | Learned a level 2 spell: Sticks to Snakes
   869 | D:2      | Found a faded altar to an unknown god.
   877 | D:2      | Noticed Terence
   949 | D:2      | Killed Terence
   949 | D:2      | Gained mutation: You have a pair of small antennae on your head. [demonic ancestry]
   949 | D:2      | Reached XP level 3. HP: 18/26 MP: 2/6
  1355 | D:2      | Learned a level 3 spell: Spider Form
  1429 | D:2      | Found a blossoming altar of Fedhas.
  1586 | D:2      | Gained mutation: You sometimes gain power by taking damage. [demonic ancestry]
  1586 | D:2      | Reached XP level 4. HP: 17/32 MP: 7/7
  1805 | D:3      | Noticed a centaur
  1850 | D:3      | Killed a centaur
  1850 | D:3      | Reached skill level 1 in Armour
  1850 | D:3      | Reached skill level 4 in Unarmed Combat
  1850 | D:3      | Gained mutation: You have a somewhat thin skeletal structure (Dex +2, Stealth). [demonic ancestry]
  1850 | D:3      | Reached XP level 5. HP: 16/37 MP: 8/8
  2129 | D:3      | Noticed Crazy Yiuf
  2134 | D:3      | Killed Crazy Yiuf
  2442 | D:3      | Gained mutation: You are robust (+10% HP). [potion of beneficial mutation]
  2443 | D:3      | Gained mutation: You are covered in fur (AC +1). [potion of beneficial mutation]
  3175 | D:4      | Reached XP level 6. HP: 47/47 MP: 9/9
  3427 | D:4      | Noticed an ice beast
  3448 | D:4      | Killed an ice beast
  3508 | D:4      | HP: 2/47 [poisoned by a worker ant]
  3512 | D:4      | Reached skill level 5 in Unarmed Combat
  3915 | D:4      | Gained mutation: You have a moderately thin skeletal structure (Dex +4, Stealth+). [demonic ancestry]
  3915 | D:4      | Reached XP level 7. HP: 5/52 MP: 10/10
  3915 | D:4      | HP: 1/52 [orc priest/nerve-wracking pain (5)]
  4294 | D:4      | Noticed Skaffen's ghost (amateur DsMo)
  4330 | D:4      | Killed Skaffen's ghost
  4330 | D:4      | Reached skill level 5 in Transmutations
  4803 | D:5      | Entered Level 5 of the Dungeon
  4866 | D:5      | You fall through a shaft for 2 floors!
  5029 | D:6      | Noticed Edmund
  5058 | D:6      | Killed Edmund
  5058 | D:6      | Reached skill level 6 in Unarmed Combat
  5058 | D:6      | Gained mutation: You are immune to rotting. [demonic ancestry]
  5058 | D:6      | Reached XP level 8. HP: 22/59 MP: 8/11
  5768 | D:5      | Found a bloodstained altar of Trog.
  5870 | D:5      | Found a staircase to the Ecumenical Temple.
  5877 | Temple   | Entered the Ecumenical Temple
  6038 | Temple   | Became a worshipper of Makhleb the Destroyer
  6348 | D:6      | Learned a level 5 spell: Blade Hands
  6409 | D:6      | Reached skill level 7 in Unarmed Combat
  6721 | D:6      | Found a sparkling altar of Nemelex Xobeh.
  6926 | D:6      | Found Zeizierune's Armour Shop.
  7071 | D:7      | Reached XP level 9. HP: 54/64 MP: 9/12
  7532 | D:7      | Reached * piety under Makhleb
  7972 | D:7      | Noticed a spriggan baker
  7989 | D:7      | Killed a spriggan baker
  7989 | D:7      | Reached skill level 5 in Dodging
  8273 | D:8      | Reached skill level 5 in Armour
  8331 | D:8      | Reached skill level 8 in Unarmed Combat
  8617 | D:8      | Found a sparkling altar of Nemelex Xobeh.
  8624 | D:8      | Found an ancient bone altar of Kikubaaqudgha.
  8625 | D:8      | Found a shattered altar of Ashenzari.
  8649 | D:8      | Reached ** piety under Makhleb
  8759 | D:8      | Found a snail-covered altar of Cheibriados.
  8814 | D:8      | Noticed Erolcha
  8953 | D:8      | Reached XP level 10. HP: 71/71 MP: 13/13
  9469 | D:9      | Found a basalt altar of Yredelemnul.
  9469 | D:9      | Found a glowing silver altar of Zin.
 10199 | D:9      | Noticed an ogre mage
 10218 | D:9      | Killed an ogre mage
 10803 | D:9      | Reached skill level 9 in Unarmed Combat
 10818 | D:10     | Entered Level 10 of the Dungeon
 11333 | D:10     | Reached *** piety under Makhleb
 11476 | D:10     | Found a staircase to the Lair.
 11566 | D:10     | Noticed Sonja
 11605 | D:10     | Killed Sonja
 11605 | D:10     | Gained mutation: You have a pair of antennae on your head. [demonic ancestry]
 11605 | D:10     | Reached XP level 11. HP: 32/77 MP: 14/14
 11631 | D:10     | Paralysed by you for 6 turns
 11632 | D:10     | HP: 3/77 [poisoned by Sonja]
 11633 | D:10     | HP: 1/77 [poisoned by Sonja]
 11635 | D:10     | Succumbed to Sonja's poison

Vault maps used:
D:1:      dpeg_arrival_boxorama, hex_medium, xom_teletrap_fun
D:2:      fedhas_altar_1, first_bread, ecumenical_altar_2, uniq_terence
D:3:      uniq_crazy_yiuf_cottage
D:4:      minmay_goblin_outpost
D:5:      temple_statues, trog_hazing_becter
D:6:      serial_shops, nicolae_shop_behind_doors, nemelex_spade_bored_becter,
          uniq_edmund
D:7:      nrook_mini_vaults, the_bakery
D:8:      grunt_temple_overflow_cloverleaf, uniq_erolcha
D:9:      lemuel_ogre_cave, amethyst_overflow_temple_binary
D:10:     lair_0_dummy, orc_0_dummy, uniq_sonja, uniq_joseph
Temple:   dpeg_five_rooms_temple_12

Action                   |  1- 3 |  4- 6 |  7- 9 | 10-12 || total
-------------------------+-------+-------+-------+-------++-------
Melee: Unarmed           |   123 |   279 |   720 |   495 ||  1617
 Fire: Blowgun           |       |       |       |     4 ||     4
 Cast: Beastly Appendage |     4 |     8 |    11 |     8 ||    31
       Sticks to Snakes  |     3 |     1 |     4 |       ||     8
       Spider Form       |       |       |     9 |     1 ||    10
 Abil: End Transformatio |       |       |     4 |       ||     4
Evoke: Wand              |       |     1 |       |     2 ||     3
  Use: Scroll            |     7 |     3 |     4 |     5 ||    19
       Potion            |       |     6 |       |     8 ||    14
 Stab: Distracted        |       |     1 |     1 |     2 ||     4
       Invisible         |       |     3 |     1 |       ||     4
       Sleeping          |       |       |     4 |     2 ||     6
  Eat: Chunk             |     3 |     7 |    19 |     6 ||    35
       Bread ration      |       |       |     1 |     1 ||     2
       Beef jerky        |       |       |     1 |       ||     1
